 Dungeon Crawl Stone Soup version 0.27.0-66-gdc8fb28755 (webtiles) character file.

Game seed: 8387474569432199413

62 Thatpatchoflichen the Chiller (level 3, 0/26 HPs)
             Began as a Draconian Ice Elementalist on Aug 20, 2021.
             Succumbed to an adder's poison
             ... on level 2 of the Dungeon.
             The game lasted 00:02:59 (1612 turns).

Thatpatchoflichen the Chiller (DrIE)                Turns: 1612, Time: 00:03:00

Health: 0/26       AC:  9    Str: 10    XL:     3   Next: 85%
Magic:  0/7        EV: 12    Int: 16    God:
Gold:   14         SH:  0    Dex: 11    Spells: 7/8 levels left

rFire    . . .     SeeInvis .   (no weapon)
rCold    . . .     Faith    .   (no shield)
rNeg     . . .     Spirit   .   (armour unavailable)
rPois    .         Reflect  .   (helmet restricted)
rElec    .         Harm     .   (no cloak)
rCorr    .         Rampage  .   (no gloves)
Will     .....                  (no boots)
Stlth    ++........             (no amulet)
HPRegen  0.08/turn              b - ring of wizardry
MPRegen  0.10/turn              h - +4 ring of protection

@: lethally poisoned (0 -> -3)
A: AC +5, unfitting armour, cold-blooded
a: no special abilities


You were on level 2 of the Dungeon.
You visited 1 branch of the dungeon, and saw 2 of its levels.

You collected 14 gold pieces.

Inventory:

Missiles
 a - 6 poisoned darts
 g - 25 arrows
Jewellery
 b - a ring of wizardry (left hand)
 h - a +4 ring of protection (right hand)
Scrolls
 e - a scroll of identify {unknown}
Potions
 c - a potion of mutation {unknown}
 d - a potion of curing {unknown}
 f - a potion of resistance {unknown}


   Skills:
 - Level 2.0 Dodging
 - Level 1.7 Stealth
 + Level 3.0 Spellcasting
 + Level 4.7 Ice Magic


You had 7 spell levels left.
You knew the following spells:

 Your Spells              Type           Power      Damage    Failure   Level
a - Freeze                Ice            68%        1d8       1%          1

Your spell library contained the following spells:

 Spells                   Type           Power      Damage    Failure   Level
 Frozen Ramparts          Ice            34%        1d5       3%          3
 Ozocubu's Armour         Ice            17%        N/A       3%          3
 Hailstorm                Conj/Ice       10%        3d5       26%         4


Dungeon Overview and Level Annotations

Branches:
Dungeon (2/15)

Altars:


Innate Abilities, Weirdness & Mutations

Your plain brown scales are hard. (AC +5)
You cannot fit into any form of body armour.
You are cold-blooded and may be slowed by cold attacks.


Message History

Press: ? - help, Q - select action, (/) - cycle Shift-Dir - straight line, f/p - adder
Aim: an adder (moderately wounded)
You miscast Freeze.
You are very lightly contaminated with residual magic.
Nothing appears to happen.
The adder closely misses you.
Aiming: Freeze (safe; 1% risk of failure)
Press: ? - help, Q - select action, (/) - cycle Shift-Dir - straight line, f/p - adder
Aim: an adder (moderately wounded)
You freeze the adder.
The adder is severely wounded.
The adder bites you.
You are poisoned.
The adder poisons you! The adder bites you but does no damage.
You don't have enough magic to cast this spell.
Unknown command.
You hit the adder.
The adder is almost dead.
You feel sick. The adder bites you.
You are lethally poisoned!
The adder poisons you!
You hit the adder.
The adder is almost dead.
* * * LOW HITPOINT WARNING * * *
You feel very sick. The adder closely misses you.
You hit the adder.
You kill the adder!
* * * LOW HITPOINT WARNING * * *
You feel sick.
Your Spellcasting skill increases to level 3!
* * * LOW HITPOINT WARNING * * *
You feel sick.
You see here an adder corpse.
* * * LOW HITPOINT WARNING * * *
You feel sick.
Your magical contamination has completely faded away.
* * * LOW HITPOINT WARNING * * *
You feel sick.
You die...

#....##### ..........
..# ....?....###.#
..........##.#
.............## #
..........##..## .##
........).##... ...
..........##.## ###.#
.......†..@...###...#
..[.....####......#####
######.##
#..##......### #.#
##......<.<...### ...#
##...............#
######..##
#..............#.
#.b<...#
#..............#
#......#
#......>.......#
#...†..#
#..............#


There were no monsters in sight!

Vanquished Creatures
  Natasha (D:2)
  2 adders (D:2)
  4 ball pythons (D:1)
  An endoplasm (D:1)
  2 goblins (D:1)
  3 hobgoblins (D:1)
  2 bats (D:2)
  3 frilled lizards (D:1)
  2 kobolds
  A rat (D:2)
21 creatures vanquished.

Notes
Turn   | Place    | Note
-------+----------+-------------------------------------------
     0 | D:1      | Thatpatchoflichen the Draconian Ice Elementalist began the
                  | quest for the Orb.
     0 | D:1      | Reached XP level 1. HP: 14/14 MP: 3/3
   513 | D:1      | Reached XP level 2. HP: 16/20 MP: 1/5
  1293 | D:2      | Noticed Natasha
  1299 | D:2      | Killed Natasha
  1300 | D:2      | Reached XP level 3. HP: 9/26 MP: 0/7
  1611 | D:2      | HP: 1/26 [poisoned by an adder]
  1612 | D:2      | Succumbed to an adder's poison

Illustrated notes

Levels and vault maps discovered:
D:1:      nicolae_arrival_memento_mori, layout_basic, serial_bayou_pond_d
D:2:      layout_rooms, serial_shops, shop, uniq_natasha

Skill      XL: |  1  2  3 |
---------------+----------+-----
Dodging        | 2 |  2.0
Spellcasting   | 3 |  3.0
Stealth        | |  1.7
Ice Magic      | |  4.7

Action                   || total
-------------------------++-------
Melee: Unarmed           ||    25
       Tailslap          ||     1
 Cast: Freeze            ||    36
Armor: Skin              ||    14
Dodge: Dodged            ||    29
